[Event "FIDE WCCC U8 2018"]
[Site "Santiago de Compostela"]
[Date "2018.11.08"]
[Round "4"]
[White "Khazhatuly, Alikhan"]
[Black "Schnaider, Ilan"]
[Result "1/2-1/2"]
[ECO "C05"]
[WhiteElo "1474"]
[BlackElo "1723"]
[Annotator "NA RC"]
[PlyCount "77"]
[EventDate "2018.11.04"]
[EventType "swiss"]
[EventCountry "ESP"]
[SourceTitle "playchess.com"]
[Source "ChessBase"]
[SourceQuality "1"]
[TimeControl "40/5400+30:1800+30"]

1. e4 e6 2. d4 d5 3. Nd2 Nf6 4. e5 Nfd7 5. Bd3 c5 6. c3 Nc6 7. Ne2 Qb6 8. Nf3 Be7 9. O-O O-O 10. Bc2 f6 11. Qd3 g6 12. exf6 Bxf6 13. Bh6 Bg7 14. Bxg7 Kxg7 15. b3 cxd4 16. Nexd4 Nc5 17. Qe3 a5 18. a3 Nxd4 19. Qxd4+ Kg8 20. b4 Nd7 21. Qxb6 Nxb6 22. Rfe1 axb4 23. axb4 Bd7 24. Ne5 Bb5 25. Nd3 Bxd3 26. Bxd3 Rxa1 27. Rxa1 Rc8 28. Ra3 Nc4 29. Bxc4 Rxc4 30. Kf1 Kf7 31. Ke2 Ke7 32. Kd3 Kd6 33. Ra7 Rc7 34. Ra1 e5 35. f3 Rc4 36. Ra7 Rc7 37. Ra1 Rc4 38. Ra7 Rc7 39. Ra1 1/2-1/2

[Event "FIDE WCCC U8 2018"]
[Site "Santiago de Compostela"]
[Date "2018.11.08"]
[Round "4"]
[White "Tulendinov, Dinmukhammed"]
[Black "Usov, Aleksandr E."]
[Result "0-1"]
[ECO "B18"]
[WhiteElo "1430"]
[BlackElo "1640"]
[Annotator "NA RC"]
[PlyCount "81"]
[EventDate "2018.11.04"]
[EventType "swiss"]
[EventCountry "ESP"]
[SourceTitle "playchess.com"]
[Source "ChessBase"]
[SourceQuality "1"]
[TimeControl "40/5400+30:1800+30"]

1. e4 c6 2. d4 d5 3. Nd2 dxe4 4. Nxe4 Bf5 5. Ng3 Bg6 6. Nf3 Nd7 7. Bd3 Bxd3 8. Qxd3 e6 9. O-O Ngf6 10. b3 Bd6 11. c4 O-O 12. Bb2 Qc7 13. Rad1 Rad8 14. Qc2 Rfe8 15. Rfe1 c5 16. Ne2 a6 17. h3 cxd4 18. Nexd4 Nb8 19. a3 Be7 20. b4 Rc8 21. Rc1 Nc6 22. Qa4 Nxd4 23. Bxd4 Red8 24. Rc2 Qd7 25. Qxd7 Rxd7 26. Rec1 h6 27. c5 Nd5 28. Ne5 Rdc7 29. c6 b5 30. Nd7 Bg5 31. Be5 Bxc1 32. Bxc7 Bxa3 33. Ba5 Bxb4 34. Bb6 Bc3 35. c7 Nxb6 36. Nxb6 Rxc7 37. Kf1 Be5 38. Ra2 Kh7 39. Rxa6 Rc6 40. Ke2 Bd4 41. Ke1 0-1

[Event "FIDE WCCC U8 2018"]
[Site "Santiago de Compostela"]
[Date "2018.11.08"]
[Round "4"]
[White "Sowinski, Pawel"]
[Black "Mammadov, Ziya"]
[Result "0-1"]
[ECO "E81"]
[WhiteElo "1318"]
[BlackElo "1446"]
[Annotator "NA RC"]
[PlyCount "100"]
[EventDate "2018.11.04"]
[EventType "swiss"]
[EventCountry "ESP"]
[SourceTitle "playchess.com"]
[Source "ChessBase"]
[SourceQuality "1"]
[TimeControl "40/5400+30:1800+30"]

1. d4 Nf6 2. c4 d6 3. Nc3 g6 4. e4 Bg7 5. f3 O-O 6. Be3 Nbd7 7. Nge2 e5 8. d5 h6 9. g4 Nh7 10. Ng3 Nhf6 11. h4 Kh7 12. Nce2 Nb6 13. b3 c6 14. g5 Ng8 15. h5 hxg5 16. hxg6+ Kxg6 17. Nf5 cxd5 18. Nxg7 Kxg7 19. cxd5 f6 20. Kf2 Nh6 21. Ng3 Rh8 22. Qd2 Bd7 23. Bd3 Kg6 24. Rag1 Qe7 25. a4 Rag8 26. Bb5 Bxb5 27. axb5 Qd7 28. Nh5 Nf7 29. f4 exf4 30. Nxf4+ Kg7 31. Ne6+ Kg6 32. Qe2 Ne5 33. Bd4 Kf7 34. Bxe5 dxe5 35. Qf3 Qe7 36. Rxh8 Rxh8 37. Rc1 Qb4 38. Kg3 Qd2 39. Rc7+ Ke8 40. Ng7+ Kd8 41. Qxf6+ Kxc7 42. Ne6+ Kd6 43. Nc7+ Kc5 44. Qe7+ Kd4 45. Ne6+ Kc3 46. Qc7+ Kxb3 47. Nc5+ Ka2 48. d6 Qf4+ 49. Kg2 Rh2+ 50. Kg1 Qf2# 0-1

[Event "FIDE WCCC U8 2018"]
[Site "Santiago de Compostela"]
[Date "2018.11.09"]
[Round "5"]
[White "Nurgaliyev, Sauat"]
[Black "Prada Villagrasa, Pau Manel"]
[Result "1-0"]
[ECO "A40"]
[WhiteElo "1764"]
[BlackElo "1530"]
[Annotator "NA RC"]
[PlyCount "61"]
[EventDate "2018.11.04"]
[EventType "swiss"]
[EventCountry "ESP"]
[SourceTitle "playchess.com"]
[Source "ChessBase"]
[SourceQuality "1"]
[TimeControl "40/5400+30:1800+30"]

1. d4 e6 2. Nf3 f5 3. g3 Nf6 4. Bg2 d5 5. O-O c5 6. c4 Nc6 7. Nc3 Be7 8. dxc5 Bxc5 9. Ng5 d4 10. Na4 Bd6 11. Qb3 h6 12. Nxe6 Bxe6 13. Qxb7 O-O 14. c5 Bd7 15. Qb3+ Kh8 16. cxd6 Rb8 17. Qd1 Nb4 18. Nc5 Qb6 19. Nxd7 Nxd7 20. a3 Na6 21. Qa4 Nac5 22. Qxd4 Qa6 23. Bxh6 Rf6 24. Bg5 Nb3 25. Qh4+ Kg8 26. Bd5+ Rf7 27. Bxf7+ Kxf7 28. Rad1 Rb7 29. Qh5+ Kg8 30. Rd5 Nf8 31. Qe8 1-0

[Event "FIDE WCCC U8 2018"]
[Site "Santiago de Compostela"]
[Date "2018.11.09"]
[Round "5"]
[White "Schnaider, Ilan"]
[Black "Chen, Zhiyuan"]
[Result "0-1"]
[ECO "B89"]
[WhiteElo "1723"]
[BlackElo "1459"]
[Annotator "NA RC"]
[PlyCount "84"]
[EventDate "2018.11.04"]
[EventType "swiss"]
[EventCountry "ESP"]
[SourceTitle "playchess.com"]
[Source "ChessBase"]
[SourceQuality "1"]
[TimeControl "40/5400+30:1800+30"]

1. e4 c5 2. Nf3 d6 3. d4 cxd4 4. Nxd4 Nf6 5. Nc3 Nc6 6. Bc4 e6 7. Be3 Qc7 8. Bb3 a6 9. Qe2 Be7 10. f3 O-O 11. O-O-O Nxd4 12. Rxd4 b5 13. g4 Bb7 14. g5 Nd7 15. h4 Nc5 16. Kb1 Bc6 17. h5 Nxb3 18. cxb3 f5 19. g6 Bf6 20. gxh7+ Kh8 21. Rdd1 b4 22. Na4 fxe4 23. f4 Bb5 24. Qf2 Bd3+ 25. Ka1 Rac8 26. Rc1 Qb7 27. Nb6 Rxc1+ 28. Rxc1 Qf7 29. Qd2 Qxh5 30. Nd7 Rf7 31. Rc8+ Kxh7 32. Nf8+ Rxf8 33. Rxf8 Qh1+ 34. Qc1 Qxc1+ 35. Bxc1 Kg6 36. Bd2 d5 37. Rh8 Kf5 38. Rh1 a5 39. Rg1 d4 40. Rg3 e3 41. Bxe3 dxe3 42. Rxe3 Be4 0-1

[Event "FIDE WCCC U8 2018"]
[Site "Santiago de Compostela"]
[Date "2018.11.09"]
[Round "5"]
[White "Lu, Miaoyi"]
[Black "Chennareddy, Yuvraj"]
[Result "0-1"]
[ECO "E04"]
[WhiteElo "1717"]
[BlackElo "1497"]
[Annotator "NA RC"]
[PlyCount "80"]
[EventDate "2018.11.04"]
[EventType "swiss"]
[EventCountry "ESP"]
[SourceTitle "playchess.com"]
[Source "ChessBase"]
[SourceQuality "1"]
[TimeControl "40/5400+30:1800+30"]

1. d4 d5 2. c4 e6 3. Nf3 Nf6 4. g3 dxc4 5. Bg2 a6 6. O-O Nc6 7. e3 Bd7 8. Qe2 b5 9. e4 Be7 10. Bf4 O-O 11. Nbd2 Bc8 12. Be3 Bb7 13. Rfc1 Nb4 14. Ne5 c5 15. dxc5 Qc7 16. Bf4 g5 17. Ng6 gxf4 18. Nxf8 Rxf8 19. b3 fxg3 20. hxg3 Nd3 21. Rc2 Bxc5 22. bxc4 Qxg3 23. Rc3 Bxf2+ 24. Kf1 Ng4 25. Qxd3 Ne3+ 26. Ke2 Qxg2 27. Qd7 Bc8 28. Qd4 Nd5 29. Qxf2 Nxc3+ 30. Ke3 Qxf2+ 31. Kxf2 bxc4 32. Rc1 Rd8 33. Nxc4 Nxe4+ 34. Ke3 Nf6 35. Rg1+ Kf8 36. Ne5 Rd5 37. Kf4 Nh5+ 38. Ke4 f5+ 39. Kf3 Rxe5 40. Rh1 Bb7+ 0-1

[Event "FIDE WCCC U8 2018"]
[Site "Santiago de Compostela"]
[Date "2018.11.09"]
[Round "5"]
[White "Usov, Aleksandr E."]
[Black "Sevig, Mert Can"]
[Result "1-0"]
[ECO "E63"]
[WhiteElo "1640"]
[BlackElo "1442"]
[Annotator "NA RC"]
[PlyCount "85"]
[EventDate "2018.11.04"]
[EventType "swiss"]
[EventCountry "ESP"]
[SourceTitle "playchess.com"]
[Source "ChessBase"]
[SourceQuality "1"]
[TimeControl "40/5400+30:1800+30"]

1. d4 Nf6 2. c4 g6 3. g3 Bg7 4. Bg2 O-O 5. Nc3 d6 6. Nf3 Nc6 7. O-O a6 8. d5 Na5 9. Nd2 c5 10. a3 Qc7 11. Qc2 Nd7 12. Rb1 Ne5 13. b3 Rb8 14. h3 b5 15. f4 Nd7 16. Bb2 bxc4 17. bxc4 Nb6 18. Nd1 Bd7 19. Bxg7 Kxg7 20. Qc3+ Kg8 21. Qxa5 Qa7 22. Nc3 Rb7 23. Rb2 Rfb8 24. Rfb1 Kg7 25. Nce4 f5 26. Nf2 Kf7 27. Nd3 h6 28. Qc3 Rc7 29. Qc1 a5 30. e4 Rcb7 31. e5 Kg8 32. Qc3 Rc7 33. exd6 exd6 34. Qf6 Rcb7 35. Qxg6+ Kh8 36. Qxh6+ Kg8 37. Qxd6 Be8 38. Nxc5 Rg7 39. Rxb6 Rxg3 40. Rxb8 Qg7 41. Rxe8+ Kh7 42. Re7 Rxg2+ 43. Kh1 1-0

[Event "FIDE WCCC U8 2018"]
[Site "Santiago de Compostela"]
[Date "2018.11.09"]
[Round "5"]
[White "Mamedov, Edgar"]
[Black "Hajdu, Marton Abris"]
[Result "1-0"]
[ECO "A48"]
[WhiteElo "1599"]
[BlackElo "1755"]
[Annotator "NA RC"]
[PlyCount "73"]
[EventDate "2018.11.04"]
[EventType "swiss"]
[EventCountry "ESP"]
[SourceTitle "playchess.com"]
[Source "ChessBase"]
[SourceQuality "1"]
[TimeControl "40/5400+30:1800+30"]

1. d4 Nf6 2. Nf3 g6 3. Bf4 Bg7 4. e3 d5 5. h3 O-O 6. c4 c5 7. Nc3 cxd4 8. exd4 Nc6 9. Rc1 dxc4 10. Bxc4 Na5 11. Be2 Nd5 12. Bh2 Bh6 13. Nxd5 Bxc1 14. Nc7 Bxb2 15. Qd2 Ba3 16. Qxa5 Bd6 17. Bxd6 exd6 18. Qc3 Rb8 19. O-O Bd7 20. Nd5 Bc6 21. Ne3 Rc8 22. Qd2 Be4 23. d5 Bxf3 24. Bxf3 Rc5 25. Qb2 Qc7 26. Ng4 Rc3 27. Nf6+ Kg7 28. Ne4 Rc8 29. Rc1 Qb6 30. Qa1 Qd4 31. Rxc3 f5 32. Rc7+ Rxc7 33. Qxd4+ Kh6 34. Nxd6 b5 35. Nxf5+ Kg5 36. h4+ Kxf5 37. g4# 1-0

[Event "FIDE WCCC U8 2018"]
[Site "Santiago de Compostela"]
[Date "2018.11.09"]
[Round "5"]
[White "Khazhatuly, Alikhan"]
[Black "Finek, Vaclav"]
[Result "0-1"]
[ECO "B76"]
[WhiteElo "1474"]
[BlackElo "1942"]
[Annotator "NA RC"]
[PlyCount "94"]
[EventDate "2018.11.04"]
[EventType "swiss"]
[EventCountry "ESP"]
[SourceTitle "playchess.com"]
[Source "ChessBase"]
[SourceQuality "1"]
[TimeControl "40/5400+30:1800+30"]

1. e4 c5 2. Nf3 d6 3. d4 cxd4 4. Nxd4 Nf6 5. Nc3 g6 6. f3 Bg7 7. Be3 O-O 8. Qd2 Nc6 9. O-O-O d5 10. Kb1 Nxd4 {[%emt 0:14:11] LiveBook: 249 Games} 11. Bxd4 dxe4 12. Bxf6 Qxd2 13. Rxd2 exf6 14. Nxe4 f5 15. Nd6 Be6 16. Bc4 Bxc4 17. Nxc4 Rad8 18. Rhd1 Rxd2 19. Rxd2 Re8 20. a4 a6 21. c3 b5 22. axb5 axb5 23. Na3 Rb8 24. Nc2 h5 25. Ka2 Be5 26. h3 Kg7 27. Rd5 Bf4 28. Kb3 Kf6 (28... Re8 $11 {keeps the balance.}) 29. Rd4 Be5 30. Rb4 Bd6 31. Rd4 Bf8 32. Rd3 Kg5 33. Rd4 Bc5 34. Rd5 Bf8 35. Rd4 Rb7 36. g3 Bc5 37. h4+ Kf6 38. Rd3 (38. Rd2 $1 $11 {remains equal.}) 38... f4 39. g4 hxg4 40. fxg4 Ke5 41. Rf3 (41. Rh3 $17) 41... Ke4 42. Ne1 Rd7 43. Kc2 $2 (43. Rh3) 43... Be3 44. Rf1 Rd2+ 45. Kb1 $2 (45. Kb3 f5 46. gxf5 Kxf5 47. Rh1) 45... Rd1+ 46. Kc2 Rc1+ 47. Kb3 Bd2 $16 (47... f5 $19 48. h5 gxh5) 0-1

[Event "FIDE WCCC U8 2018"]
[Site "Santiago de Compostela"]
[Date "2018.11.09"]
[Round "5"]
[White "Jaakkola, Niklas"]
[Black "Zverev, Lev"]
[Result "1-0"]
[ECO "C77"]
[WhiteElo "1469"]
[BlackElo "1723"]
[Annotator "NA RC"]
[PlyCount "79"]
[EventDate "2018.11.04"]
[EventType "swiss"]
[EventCountry "ESP"]
[SourceTitle "playchess.com"]
[Source "ChessBase"]
[SourceQuality "1"]
[TimeControl "40/5400+30:1800+30"]

1. e4 e5 2. Nf3 Nc6 3. Bb5 a6 4. Ba4 Nf6 5. d4 exd4 6. e5 Nd5 7. Nxd4 Nb6 8. Nxc6 bxc6 9. Bb3 a5 10. a3 d5 11. exd6 Qxd6 12. Qe2+ Be7 13. Bg5 Ba6 14. Qxe7+ Qxe7+ 15. Bxe7 Kxe7 16. Nd2 Rhe8 17. O-O-O Kf8 18. Rde1 Red8 19. Re4 Nd5 20. Nc4 Bxc4 21. Bxc4 Re8 22. Rhe1 Nf6 23. Rxe8+ Rxe8 24. Rxe8+ Nxe8 25. Kd2 Nd6 26. Bd3 c5 27. Kc3 Ke7 28. Kb3 Nb7 29. Ka4 Kd6 30. Ba6 Nd8 31. Kxa5 Nc6+ 32. Ka4 Ne5 33. Be2 Kd5 34. Kb5 c4 35. Bf3+ Kd4 36. a4 g5 37. a5 g4 38. Bb7 Nd3 39. c3+ Ke5 40. a6 {Kd5} 1-0

[Event "FIDE WCCC U8 2018"]
[Site "Santiago de Compostela"]
[Date "2018.11.09"]
[Round "5"]
[White "Mammadov, Ziya"]
[Black "Begmuratov, Khumoyun"]
[Result "0-1"]
[ECO "C50"]
[WhiteElo "1446"]
[BlackElo "1880"]
[Annotator "NA RC"]
[PlyCount "82"]
[EventDate "2018.11.04"]
[EventType "swiss"]
[EventCountry "ESP"]
[SourceTitle "playchess.com"]
[Source "ChessBase"]
[SourceQuality "1"]
[TimeControl "40/5400+30:1800+30"]

1. e4 e5 2. Nf3 Nc6 3. d4 exd4 4. Bc4 Be7 5. Nxd4 Nf6 6. Nxc6 dxc6 7. Qxd8+ Bxd8 8. O-O {[%emt 0:03:01] C50: Hungarian Defence and Giuoco Pianissimo} (8. f3 Nd7 9. Be3 Bf6 10. Nc3 b5 11. Be2 b4 12. Nd1 a5 13. a3 Bb7 14. axb4 axb4 15. Rxa8+ Bxa8 {½-½ (37) Georgiev,B (2267)-Milchev,N (2422) Sunny Beach 2012}) 8... O-O 9. e5 Nd5 10. Bd2 $146 ({Predecessor:} 10. Nd2 Be7 11. Ne4 Bf5 12. Bd3 Rad8 13. a3 Rfe8 14. f4 c5 15. h3 c4 {0-1 (47) Bojic,N-Koester,G Pinneberg 2002}) 10... Be6 11. f4 g6 12. Be2 Be7 13. Nc3 Rad8 14. Ne4 Bf5 15. Bf3 h5 16. Rad1 c5 17. c4 Nb6 18. b3 Rd4 19. Ng3 Bc2 20. Be3 Bxd1 21. Bxd1 Rd3 22. Re1 f5 23. Bf3 c6 24. Nf1 Nc8 25. h3 h4 26. g4 hxg3 27. Nxg3 Kf7 28. Kf2 Ke6 29. Ke2 Rdd8 30. Rg1 Rh8 31. Nh1 Rh6 32. Nf2 Nb6 33. Nd3 Nd7 34. a3 a5 35. Bd2 (35. Bg2 $17) 35... Nf8 36. Bxa5 Ra8 37. b4 Rxh3 38. Bb6 $2 (38. Kf2) 38... Rxa3 39. Nxc5+ Kf7 40. Bg2 Ra2+ 41. Kd1 Rh2 $19 0-1

[Event "FIDE WCCC U8 2018"]
[Site "Santiago de Compostela"]
[Date "2018.11.09"]
[Round "5"]
[White "Villa Tornero, Alex"]
[Black "Golovchenko, Bogdan"]
[Result "1/2-1/2"]
[ECO "B24"]
[WhiteElo "1441"]
[BlackElo "1556"]
[Annotator "NA RC"]
[PlyCount "76"]
[EventDate "2018.11.04"]
[EventType "swiss"]
[EventCountry "ESP"]
[SourceTitle "playchess.com"]
[Source "ChessBase"]
[SourceQuality "1"]
[TimeControl "40/5400+30:1800+30"]

1. e4 c5 2. Nc3 Nc6 3. Bb5 d6 4. Nge2 Nf6 5. O-O g6 6. d3 Bg7 7. f4 O-O 8. Qe1 Nb4 9. Ba4 Bd7 10. Bb3 a5 11. a4 Qb6 12. Kh1 Be6 13. Bxe6 fxe6 14. Qd1 d5 15. e5 Nd7 16. Nb5 Rf7 17. c3 Nc6 18. Be3 Raf8 19. Rb1 Qd8 20. d4 c4 21. b3 Nb6 22. Na3 Qc7 23. Nb5 Qc8 24. b4 axb4 25. cxb4 Bh6 26. a5 Na8 27. g3 Nc7 28. Nxc7 Qxc7 29. Nc3 Na7 30. Qa4 g5 31. Qd1 gxf4 32. Qg4+ Kh8 33. Bxf4 Bxf4 34. Rxf4 Qc8 35. b5 Rxf4 36. gxf4 Rg8 37. Qh3 Rg6 38. b6 Nc6 1/2-1/2

[Event "FIDE WCCC U8 2018"]
[Site "Santiago de Compostela"]
[Date "2018.11.09"]
[Round "5"]
[White "Tulendinov, Dinmukhammed"]
[Black "Azadaliyev, Jahandar"]
[Result "0-1"]
[ECO "B17"]
[WhiteElo "1430"]
[BlackElo "1674"]
[Annotator "NA RC"]
[PlyCount "112"]
[EventDate "2018.11.04"]
[EventType "swiss"]
[EventCountry "ESP"]
[SourceTitle "playchess.com"]
[Source "ChessBase"]
[SourceQuality "1"]
[TimeControl "40/5400+30:1800+30"]

1. e4 c6 2. d4 d5 3. Nd2 dxe4 4. Nxe4 Nd7 5. Nf3 Ngf6 6. Nxf6+ Nxf6 7. c3 Bg4 8. h3 Bxf3 9. Qxf3 Qd5 10. Be2 e6 11. O-O Qxf3 12. Bxf3 Bd6 13. Be3 Ke7 14. c4 Rhd8 15. Rad1 Bc7 16. g4 Bd6 17. Rfe1 Nd7 18. Bg2 a5 19. f4 f6 20. Kf1 Kf7 21. Rd3 Nb6 22. b3 Nc8 23. Kf2 Ne7 24. Bc1 a4 25. Kf3 b5 26. Re2 axb3 27. axb3 bxc4 28. bxc4 Ra4 29. Rc2 Rb8 30. Bd2 h5 31. g5 Nf5 32. Ke2 c5 33. Be3 cxd4 34. Bxd4 Bxf4 35. gxf6 gxf6 36. Bf2 e5 37. Bd5+ Kg6 38. Be4 Kg5 39. Rd1 Rb3 40. Bd3 Ng3+ 41. Bxg3 Bxg3 42. Rdc1 Raa3 43. Rd2 Bf4 44. Rg1+ Kh4 45. Rdd1 e4 46. Bb1 Re3+ 47. Kf1 Rf3+ 48. Kg2 Rg3+ 49. Kf1 f5 50. Rxg3 Kxg3 51. c5 Rc3 52. Ke2 Rxc5 53. Rg1+ Kxh3 54. Rh1+ Kg4 55. Rg1+ Bg3 56. Ke3 h4 0-1

[Event "FIDE WCCC U8 2018"]
[Site "Santiago de Compostela"]
[Date "2018.11.10"]
[Round "6"]
[White "Finek, Vaclav"]
[Black "Balint, Peter"]
[Result "1-0"]
[ECO "D60"]
[WhiteElo "1942"]
[BlackElo "1563"]
[Annotator "NA"]
[PlyCount "59"]
[EventDate "2018.11.04"]
[EventType "swiss"]
[EventCountry "ESP"]
[SourceTitle "playchess.com"]
[Source "ChessBase"]
[SourceQuality "1"]
[TimeControl "40/5400+30:1800+30"]

1. d4 d5 2. c4 e6 3. Nc3 Nf6 4. Bg5 Be7 5. e3 O-O 6. Nf3 Nbd7 7. Bd3 dxc4 8. Bxc4 b6 9. O-O $11 {[%emt 0:01:45] LiveBook: 5 Games} Bb7 10. Qe2 c5 11. Rfd1 Ne4 12. Nxe4 Bxe4 13. Bf4 Qc8 14. Rac1 a6 15. Bd3 Bxd3 16. Qxd3 Qb7 17. b4 Rfc8 18. dxc5 Nf6 19. Bd6 Bxd6 20. cxd6 Nd5 21. Qd2 Rd8 22. e4 Nf6 23. e5 Nd5 24. Nd4 Rac8 25. g3 Kh8 26. Rxc8 Rxc8 27. Rc1 Rxc1+ 28. Qxc1 Kg8 29. Qc6 Qb8 30. Qd7 1-0

[Event "FIDE WCCC U8 2018"]
[Site "Santiago de Compostela"]
[Date "2018.11.10"]
[Round "6"]
[White "Begmuratov, Khumoyun"]
[Black "Villa Tornero, Alex"]
[Result "1/2-1/2"]
[ECO "B01"]
[WhiteElo "1880"]
[BlackElo "1441"]
[Annotator "NA"]
[PlyCount "81"]
[EventDate "2018.11.04"]
[EventType "swiss"]
[EventCountry "ESP"]
[SourceTitle "playchess.com"]
[Source "ChessBase"]
[SourceQuality "1"]
[TimeControl "40/5400+30:1800+30"]

1. e4 d5 2. exd5 Qxd5 3. Nc3 Qd6 4. d4 Nf6 5. Nf3 a6 6. Be2 Bf5 7. O-O Nc6 8. Be3 O-O-O 9. Ng5 Bg6 10. Nf3 e5 11. dxe5 Nxe5 12. Nxe5 Qxe5 13. Qc1 Bd6 14. f4 Qe6 15. Bd3 Bxd3 16. cxd3 Rhe8 17. Bf2 Ng4 18. Ne4 Nxf2 19. Rxf2 f5 20. Ng3 Qd5 21. Rf3 g6 22. Qc2 Qc5+ 23. Qxc5 Bxc5+ 24. Kf1 Re3 25. Rd1 Rxf3+ 26. gxf3 Be3 27. Ne2 c5 28. Kg2 b5 29. Kg3 b4 30. h4 h5 31. Kg2 Kc7 32. Kg3 Kc6 33. Kg2 Kb5 34. Kg3 a5 35. Kg2 Bd4 36. Rd2 Be3 37. Rd1 Bd4 38. Rd2 Be3 39. Rd1 Bd4 40. Rd2 Be3 41. Rd1 1/2-1/2

[Event "FIDE WCCC U8 2018"]
[Site "Santiago de Compostela"]
[Date "2018.11.10"]
[Round "6"]
[White "Azadaliyev, Jahandar"]
[Black "Jaakkola, Niklas"]
[Result "1-0"]
[ECO "E73"]
[WhiteElo "1674"]
[BlackElo "1469"]
[Annotator "NA"]
[PlyCount "77"]
[EventDate "2018.11.04"]
[EventType "swiss"]
[EventCountry "ESP"]
[SourceTitle "playchess.com"]
[Source "ChessBase"]
[SourceQuality "1"]
[TimeControl "40/5400+30:1800+30"]

1. d4 Nf6 2. c4 g6 3. Nc3 Bg7 4. e4 d6 5. Be2 O-O 6. Bg5 h6 7. Be3 c6 8. Qd2 Kh7 9. Nf3 Nbd7 10. O-O e5 11. Rad1 Qe7 12. d5 c5 13. Ne1 Ne8 14. f4 f5 15. Bd3 fxe4 16. Nxe4 exf4 17. Bxf4 Ne5 18. Bxe5 Rxf1+ 19. Kxf1 Qxe5 20. Nf3 Qxb2 21. Qf4 Bf5 22. g4 Bxe4 23. Qxe4 Qf6 24. h4 Nc7 25. g5 hxg5 26. hxg5 Qf7 27. Qg4 b5 28. Qh5+ Kg8 29. Bxg6 Qf4 30. Re1 Qxc4+ 31. Kf2 Nxd5 32. Re4 Qxa2+ 33. Kg3 Qb3 34. Be8 Nc7 35. Bg6 Nd5 36. Bf5 Be5+ 37. Rxe5 dxe5 38. Qh7+ Kf8 39. Be6 1-0

[Event "FIDE WCCC U8 2018"]
[Site "Santiago de Compostela"]
[Date "2018.11.10"]
[Round "6"]
[White "Chen, Ryo"]
[Black "Durovka, Marek"]
[Result "1-0"]
[ECO "B43"]
[WhiteElo "1573"]
[BlackElo "1370"]
[Annotator "NA"]
[PlyCount "41"]
[EventDate "2018.11.04"]
[EventType "swiss"]
[EventCountry "ESP"]
[SourceTitle "playchess.com"]
[Source "ChessBase"]
[SourceQuality "1"]
[TimeControl "40/5400+30:1800+30"]

1. e4 c5 2. Nf3 e6 3. d4 cxd4 4. Nxd4 a6 5. Nc3 b5 6. Be2 Bb7 7. a3 Qc7 8. O-O Nf6 9. Qd3 Be7 10. Be3 O-O 11. f4 d6 12. Bf3 Nbd7 13. Bf2 Rac8 14. Qe3 Rfd8 15. Rad1 e5 16. Nf5 Nc5 17. fxe5 dxe5 18. Qg5 Ne6 19. Nxe7+ Qxe7 20. Qxe5 Rc5 21. Bxc5 1-0

[Event "FIDE WCCC U8 2018"]
[Site "Santiago de Compostela"]
[Date "2018.11.10"]
[Round "6"]
[White "Golovchenko, Bogdan"]
[Black "Mamedov, Edgar"]
[Result "1-0"]
[ECO "A18"]
[WhiteElo "1556"]
[BlackElo "1599"]
[Annotator "NA"]
[PlyCount "66"]
[EventDate "2018.11.04"]
[EventType "swiss"]
[EventCountry "ESP"]
[SourceTitle "playchess.com"]
[Source "ChessBase"]
[SourceQuality "1"]
[TimeControl "40/5400+30:1800+30"]

1. c4 e6 2. Nc3 Nf6 3. e4 d5 4. e5 d4 5. exf6 dxc3 6. bxc3 Qxf6 7. d4 c5 8. Nf3 cxd4 9. cxd4 Bb4+ 10. Bd2 Bxd2+ 11. Qxd2 O-O 12. Bd3 Nc6 13. O-O Rd8 14. Rfd1 b6 15. Be4 Bb7 16. Qe3 Rac8 17. Rac1 Na5 18. Bxb7 Nxb7 19. Ne5 Nd6 20. Qa3 Nf5 21. Qb2 h6 22. h3 Qh4 23. Nf3 Qf4 24. a4 Rd6 25. Rc2 Rcd8 26. Rcd2 h5 27. Qc3 g6 28. Rd3 Rc8 29. c5 Rd5 30. c6 Qc7 31. Ne5 Nxd4 32. Rxd4 Qb8 33. c7 Qb7 1-0

[Event "FIDE WCCC U8 2018"]
[Site "Santiago de Compostela"]
[Date "2018.11.10"]
[Round "6"]
[White "Gordeev, Denis"]
[Black "Nurgaliyev, Sauat"]
[Result "0-1"]
[ECO "A45"]
[WhiteElo "1553"]
[BlackElo "1764"]
[Annotator "NA"]
[PlyCount "100"]
[EventDate "2018.11.04"]
[EventType "swiss"]
[EventCountry "ESP"]
[SourceTitle "playchess.com"]
[Source "ChessBase"]
[SourceQuality "1"]
[TimeControl "40/5400+30:1800+30"]

1. d4 Nf6 2. Nc3 d5 3. Bf4 Bf5 4. f3 e6 5. g4 Bg6 6. h4 h6 7. e3 a6 8. Bd3 Bxd3 9. Qxd3 Nc6 10. O-O-O Qd7 11. Nge2 O-O-O 12. g5 Nh5 13. Bh2 Bd6 14. Bxd6 Qxd6 15. e4 Nf4 16. Qe3 Nxe2+ 17. Nxe2 Na5 18. e5 Qe7 19. b3 Kb8 20. Kb2 Qb4 21. Qc3 Qb6 22. Nf4 Nc6 23. g6 Na7 24. gxf7 Rhf8 25. Nh5 Rxf7 26. Rhg1 Nb5 27. Qe3 Rdf8 28. Rg3 Rf5 29. Nxg7 Rf4 30. c3 Rxh4 31. a4 Na7 32. Rg6 Rh2+ 33. Rd2 Rxf3 34. Qe1 Rf1 35. Qe3 Rhh1 36. Qd3 Nc6 37. Rf6 Ra1 38. Qc2 Na5 39. Rf8+ Ka7 40. c4 Nxc4+ 41. Kc3 Rh3+ 42. Rd3 Qa5+ 43. b4 Ra3+ 44. Qb3 Rxb3+ 45. Kxb3 Rxd3+ 46. Kc2 Qxa4+ 47. Kxd3 Qd1+ 48. Kc3 Qd2+ 49. Kb3 Qb2+ 50. Ka4 b5# 0-1

[Event "FIDE WCCC U8 2018"]
[Site "Santiago de Compostela"]
[Date "2018.11.10"]
[Round "6"]
[White "Yonal, Timur"]
[Black "Negron Lizarazo, Juan Sebastian"]
[Result "1-0"]
[ECO "A43"]
[WhiteElo "1524"]
[BlackElo "1340"]
[Annotator "NA"]
[PlyCount "113"]
[EventDate "2018.11.04"]
[EventType "swiss"]
[EventCountry "ESP"]
[SourceTitle "playchess.com"]
[Source "ChessBase"]
[SourceQuality "1"]
[TimeControl "40/5400+30:1800+30"]

1. d4 c5 2. d5 d6 3. Nc3 Nf6 4. e4 e6 5. Be2 Be7 6. Nf3 O-O 7. O-O exd5 8. exd5 Bg4 9. Nd2 Bxe2 10. Qxe2 Nbd7 11. a4 Re8 12. Nc4 Qc7 13. Qd1 a6 14. a5 Rad8 15. Bf4 Ne5 16. Ne3 Qd7 17. h3 h6 18. Bg3 Ng6 19. Nc4 Qc7 20. f4 Nd7 21. Qf3 Bh4 22. Bh2 Ne7 23. g4 Nf6 24. Rad1 Ng6 25. Qg2 Qe7 26. Rd2 Nh7 27. Re2 Qf6 28. Rd2 Rd7 29. Ne4 Qe7 30. Re2 Qd8 31. Rf3 Nf6 32. Nc3 Rxe2 33. Qxe2 Re7 34. Re3 Rxe3 35. Qxe3 Qf8 36. f5 Bg5 37. Qe2 Nf4 38. Qf3 N4xd5 39. Nxd5 Nxd5 40. Qxd5 Qe7 41. Qf3 Qe1+ 42. Qf1 Be3+ 43. Kg2 Qxf1+ 44. Kxf1 Bd4 45. Bxd6 g6 46. c3 Bf6 47. fxg6 fxg6 48. Bxc5 h5 49. Nd6 b5 50. axb6 Be7 51. b7 Bxd6 52. Bxd6 hxg4 53. b8=Q+ Kf7 54. Qc7+ Ke6 55. hxg4 a5 56. c4 a4 57. Qe7# 1-0